 Dungeon Sprint DCSS version 0.30-a0-43-gbbf338a72c (webtiles) character file.

Game seed: 7929868433154557761

154 Zeldest the Chopper (level 5, -3/44 HPs)
             Began as a Mummy Fighter on Sept 1, 2022.
             Was an Initiate of Makhleb.
             Slain by a wyvern (12 damage)
             ... in the Dungeon (Sprint IX: "|||||||||||||||||||||||||||||").
             The game lasted 00:01:32 (384 turns).

Zeldest the Chopper (Mummy Fighter)                  Turns: 384, Time: 00:01:32

Health: -3/44      AC: 13    Str: 24    XL:     5   Next: 13%
Magic:  7/7        EV:  6    Int:  8    God:    Makhleb [......]
Gold:   0          SH:  4    Dex: 11    Spells: 4/4 levels left

rFire   x . .      SeeInvis .    g - +3 war axe (vorpal)
rCold   + . .      Faith    .    c - +0 buckler
rNeg    + + +      Spirit   .    i - +0 plate armour
rPois   ∞          Reflect  .    (no helmet)
rElec   .          Harm     .    h - +0 cloak
rCorr   .          Rampage  .    (no gloves)
Will    .....      NoTele   +    a - +0 pair of boots
Stlth   ..........               (no amulet)
HPRegen 0.14/turn                j - +3 ring of strength
MPRegen 0.10/turn                (no ring)

@: no status effects
A: cold resistance 1, negative energy resistance 3, torment resistance 2, heat
vulnerability 1, in touch with death 1, no potions
a: Renounce Religion


You were in the Dungeon.
You worshipped Makhleb.
Makhleb was noncommittal.
You visited 1 branch

Inventory:

Hand Weapons
 g - a +3 vorpal war axe (weapon)
Armour
 a - a +0 pair of boots (worn)
 b - a +0 scale mail
 c - a +0 buckler (worn)
 h - a +0 cloak (worn)
 i - a +0 plate armour (worn)
Jewellery
 j - a +3 ring of strength (left hand)
Wands
 f - a wand of iceblast (10)
Scrolls
 d - 2 scrolls of amnesia


   Skills:
 + Level 5.4 Fighting
 * Level 5.6 Axes
 - Level 2.4 Armour
 - Level 2.4 Shields
 + Level 3.9 Invocations
 + Level 3.6 Evocations


You had 4 spell levels left.
You didn't know any spells.
Your spell library was empty.

Dungeon Overview and Level Annotations

Branches:
Dungeon (1/1)

Altars:
Cheibriados
Dithmenos
Fedhas
Gozag
Hepliaklqana
Kikubaaqudgha
Makhleb
Nemelex Xobeh
Okawaru
Qazlal
Ru
Sif Muna
Trog
Uskayaw
Vehumet
Wu Jian
Xom
Yredelemnul
Jiyva
Lugonu


Innate Abilities, Weirdness & Mutations

You are immune to poison.
Your flesh is cold resistant. (rC+)
You are immune to negative energy. (rN+++)
You are immune to unholy pain and torment.
You are vulnerable to heat. (rF-)
You are in touch with the powers of death.
You do not drink.


Message History

The centaur kicks you but does no damage.
The centaur hits you but does no damage.
The centaur kicks you but does no damage.
You barely miss the centaur.
The centaur hits you but does no damage.
The centaur kicks you.
The centaur hits you but does no damage.
The centaur closely misses you.
You slash the centaur!
The centaur is severely wounded.
The centaur hits you but does no damage.
The centaur kicks you but does no damage.
The centaur barely misses you.
The centaur kicks you but does no damage.
You slash the centaur!
You kill the centaur!
Makhleb accepts your kill.
Your Fighting skill increases to level 5!
Your Axes skill increases to level 5!
Your Evocations skill increases to level 3!
You have reached level 5!
You feel clever.
You barely miss the troll. The troll bites you. The troll claws you.
You block the troll's attack.
You hit the troll.
The troll is moderately wounded.
The troll barely misses you. The troll claws you but does no damage.
The troll barely misses you. The troll bites you. The troll claws you!
The troll claws you.
* * * LOW HITPOINT WARNING * * *
Blink to where?
Press: ? - help, Dir - move target
As you read the scroll of blinking, it crumbles to dust.
You block the wyvern's attack.
The wyvern hisses menacingly.
You hit the wyvern.
The wyvern is lightly wounded.
The wyvern bites you but does no damage.
The wyvern bites you!
You die... ▓▓▓▓▓▓▓▓▓▓▓▓▓▓▓▓▓▓ +@loYlT§.=....).!' ▓▓▓▓▓▓▓▓▓▓▓▓▓▓▓▓▓▓

You could see a yak, a troll, an orc warrior and 2 wyverns.

Vanquished Creatures
  A centaur (D)
  A hound (D)
  An iguana (D)
  An adder (D)
  An orc (D)
  2 bats (D)
  A giant cockroach (D)
  A goblin (D)
  2 quokkas (D)
11 creatures vanquished.

Notes
Turn   | Place    | Note
-------+----------+-------------------------------------------
     0 | D        | Zeldest the Mummy Fighter began the quest for the Orb.
     0 | D        | Reached XP level 1. HP: 18/18 MP: 1/1
    11 | D        | Reached skill level 1 in Invocations
    11 | D        | Reached skill level 1 in Evocations
    18 | D        | Noticed a hound
    18 | D        | Noticed an iguana
    21 | D        | Reached XP level 2. HP: 24/24 MP: 2/2
    25 | D        | Gained mutation: You are in touch with the powers of death.
                  | [Mummy growth]
    25 | D        | Reached XP level 3. HP: 30/30 MP: 2/4
    57 | D        | Found a snail-covered altar of Cheibriados.
    57 | D        | Found a shadowy altar of Dithmenos.
    57 | D        | Found a blossoming altar of Fedhas.
    57 | D        | Found an opulent altar of Gozag.
    58 | D        | Found a hazy altar of Hepliaklqana.
    65 | D        | Reached XP level 4. HP: 6/38 MP: 4/6
    65 | D        | Found a viscous altar of Jiyva.
    66 | D        | Found an ancient bone altar of Kikubaaqudgha.
    67 | D        | Found a corrupted altar of Lugonu.
    68 | D        | Found a burning altar of Makhleb.
    69 | D        | Found a sparkling altar of Nemelex Xobeh.
    70 | D        | Found an iron altar of Okawaru.
    71 | D        | Found a stormy altar of Qazlal.
    72 | D        | Found a sacrificial altar of Ru.
    73 | D        | Found a shimmering blue altar of Sif Muna.
    74 | D        | Found a bloodstained altar of Trog.
    75 | D        | Found a hide-covered altar of Uskayaw.
    76 | D        | Became a worshipper of Makhleb the Destroyer
   324 | D        | Found a radiant altar of Vehumet.
   325 | D        | Found an ornate altar of the Wu Jian Council.
   326 | D        | Found a shimmering altar of Xom.
   327 | D        | Found a basalt altar of Yredelemnul.
   375 | D        | Noticed a wyvern
   375 | D        | Noticed an orc warrior
   375 | D        | Noticed a yak
   375 | D        | Noticed a wyvern
   375 | D        | Noticed a troll
   375 | D        | Noticed a centaur
   380 | D        | Killed a centaur
   381 | D        | Reached skill level 5 in Fighting
   381 | D        | Reached skill level 5 in Axes
   381 | D        | Reached XP level 5. HP: 32/44 MP: 7/7
   384 | D        | Slain by a wyvern

Illustrated notes

Levels and vault maps discovered:
D:        linesprint [early_d, line_temple, items_1, d_10, items_2, lair_1,
          lair_end, items_3, orc_1, orc_end, items_4, d_15, swamp_1, shoals_1,
          snake_1, spider_1, d_20, vaults_1, items_5, swamp_end, shoals_end,
          snake_end, spider_end, vaults_end, d_27, items_6, zot_1, zot_end,
          crypt_end, forest_end, elf_end, slime_end, tomb_end, abyss_end,
          pan_hell_end]

Skill      XL: |  1  2  3  4 |
---------------+-------------+-----
Axes           | 2 3 4 5 |  5.6
Invocations    | 1 2 3 |  3.9
Evocations     | 1 2 3 |  3.6
Fighting       | 4 5 |  5.4
Armour         | |  2.4
Shields        | |  2.4

Action                   |  1- 3 |  4- 6 || total
-------------------------+-------+-------++-------
Melee: War axe           |    51 |     7 ||    58
  Use: Scroll            |     1 |     1 ||     2
Armor: Scale mail        |    24 |       ||    24
       Plate armour      |       |    14 ||    14
Dodge: Dodged            |    34 |     4 ||    38
Block: Buckler           |    13 |     2 ||    15

Table legend: (Time is in decaauts)
 A = Elapsed time spent in this place.
 B = Non-inter-level travel time spent in this place.
 C = Inter-level travel time spent in this place.
 D = Time resting spent in this place.
 E = Time spent auto-exploring this place.
 F = Levels seen in this place.
 G = Mean time per level.
                   A        B        C        D        E       F      G
               +--------+--------+--------+--------+--------+-----+--------+
         Total |    404 |    404 |      0 |    247 |      0 |   1 |  404.0 |
       Dungeon |    404 |    404 |      0 |    247 |      0 |   1 |  404.0 |
               +--------+--------+--------+--------+--------+-----+--------+

Top non-repeatable levels by time:
       D: 404 daAuts
